 Dungeon Crawl Stone Soup version 0.24-a0-451-g263dff2034 (webtiles) character file.

Game seed: 274971696109882915

189 Mrkan the Chopper (level 5, -1/47 HPs)
             Began as a Hill Orc Abyssal Knight on June 26, 2019.
             Was a Believer of Lugonu.
             Slain by an adder (2 damage)
             ... on level 4 of the Dungeon.
             The game lasted 00:07:40 (3572 turns).

Mrkan the Chopper (Hill Orc Abyssal Knight)         Turns: 3572, Time: 00:07:40

Health: -1/47      AC:  6    Str: 16    XL:     5   Next: 68%
Magic:  7/8        EV: 11    Int: 12    God:    Lugonu [**....]
Gold:   133        SH:  0    Dex: 10    Spells: 4/4 levels left

rFire    . . .     SeeInvis .   a - +1 hand axe
rCold    . . .     Gourm    .   (no shield)
rNeg     . . .     Faith    .   b - +0 leather armour
rPois    .         Spirit   .   B - +0 helmet
rElec    .         Reflect  .   s - +0 cloak
rCorr    .         Harm     .   (no gloves)
MR       .....                  w - +0 pair of boots
Stlth    +.........             (no amulet)
HPRegen  0.15/turn              (no ring)
MPRegen  0.11/turn              (no ring)

@: hasted, very quick
A: no striking features
a: Depart the Abyss, Bend Space, Renounce Religion


You were on level 4 of the Dungeon.
You worshipped Lugonu.
Lugonu was pleased with you.
You were not hungry.

You visited 1 branch of the dungeon, and saw 4 of its levels.
You visited the Abyss 1 time.

You collected 133 gold pieces.

Inventory:

Hand Weapons
 a - a +1 hand axe (weapon)
 q - a +0 hunting sling
Missiles
 l - 205 stones (quivered)
Armour
 b - a +0 leather armour (worn)
 s - a +0 cloak (worn)
 w - a +0 pair of boots (worn)
 B - a +0 helmet (worn)
Jewellery
 k - an uncursed amulet of rage {unknown}
 y - an uncursed amulet of harm {unknown}
Wands
 x - a wand of disintegration (12)
Scrolls
 m - 4 scrolls of identify {unknown}
 n - 2 scrolls of teleportation {unknown}
 o - 4 scrolls of enchant armour {unknown}
 r - a scroll of blinking {unknown}
 v - a scroll of immolation {unknown}
Potions
 d - a potion of flight {unknown}
 e - 2 potions of haste
 f - a potion of curing
 g - a potion of resistance {unknown}
 h - a potion of lignification {unknown}
 p - a potion of cancellation {unknown}
 t - a potion of degeneration {unknown}
 u - a potion of heal wounds {unknown}
Comestibles
 c - 7 rations
 A - a chunk of flesh


   Skills:
 + Level 4.8 Fighting
 * Level 5.6 Axes
 - Level 2.1 Armour
 - Level 0.7 Dodging
 + Level 4.3 Invocations


You had 4 spell levels left.
You didn't know any spells.
Your spell library contained the following spells:

 Spells                   Type           Power        Failure   Level  Hunger
 Beastly Appendage        Tmut           #.....       38%         1    ##.....
 Sticks to Snakes         Tmut           #.......     52%         2    ###....
 Spider Form              Tmut/Pois      #.........   77%         3    ####...
 Ice Form                 Ice/Tmut       #.......     99%         4    #####..
 Blade Hands              Tmut           #.........   100%        5    ######.


Dungeon Overview and Level Annotations

Branches:
Dungeon (4/15)
 Temple: D:4-7

Altars:
Gozag
Nemelex Xobeh

Annotations:
D:4 Pikel


Message History

The slave barely misses you.
Okay, then.
Unknown command.
Okay, then.
As you read the scroll labeled BOINOA HUGEY, it crumbles to dust.
The scroll dissolves into smoke.
It was a scroll of fog.
Pikel hits you but does no damage. The slave hits you.
* * * LOW HITPOINT WARNING * * *
As you read the scroll labeled DAEVATI ERCHUMUN, it crumbles to dust.
The dust glows bright copper!
It was a scroll of random uselessness.
Pikel hits you but does no damage.
As you read the scroll labeled WOKAUMIETO, it crumbles to dust.
You feel aware of your surroundings.
You sensed 1 shop/portal.
It was a scroll of magic mapping.
The slave hits you.
* * * LOW HITPOINT WARNING * * *
Okay, then.
Space bends around you!
You blink.
A leopard gecko comes into view.
The adder bites you.
You die...

,,,,,,,******,,*,*****,*
***,**,,,,,,,,,,,,,,,,,*****
**,,********,,*,,,,,,,,.,,,* ***
,,,,,,,,,***,******,,*..,,,* *,,
**,*****,,,,,,,,,,,,,...,,,****,,
,,,,***,,,,********,.l,,,,,,,,,,,
,,,,**,,**** ####.#**,,,,****,,
,,,,**,** #.S..# *,,,,,,,,,,
,,,,,,,#**######@#######..*******
,,,,,,,...#....§pp§Kpp...#*
****,*,##......§§#########
*,*,.......<..########
***,**###...###........##*****
**,,,* #..#* #..........,,,,***
,,,*** ###* ##########.,,,,,,,
**** *****************,,,,,,,, *
*****,,,,,,,,,,,,,,,,,,,,,,,,


You could see 2 slaves, an adder and a leopard gecko (wandering).

Vanquished Creatures
  A crimson imp (D:2)
  A gnoll (D:1)
  6 adders
  An ooze (D:2)
  A worm (D:2)
  3 dart slugs
  2 leopard geckos
  2 ball pythons
  13 goblins
  11 hobgoblins
  6 jackals (D:2)
  12 kobolds
  A quokka (D:3)
  5 bats
  2 frilled lizards (D:2)
  7 rats
74 creatures vanquished.

Vanquished Creatures (others)
  A leopard gecko (D:1)
  3 jackals (D:1)
4 creatures vanquished.

Grand Total: 78 creatures vanquished

Notes
Turn   | Place    | Note
-------+----------+-------------------------------------------
     0 | Abyss:1  | Mrkan the Hill Orc Abyssal Knight began the quest for the
                  | Orb.
     0 | Abyss:1  | Reached XP level 1. HP: 19/19 MP: 2/2
    78 | Abyss:3  | Noticed an iron imp
    78 | Abyss:3  | Noticed an angel
    79 | D:1      | Escaped the Abyss
   148 | D:1      | Reached skill level 3 in Axes
   215 | D:1      | Reached XP level 2. HP: 19/27 MP: 4/4
   660 | D:1      | Reached XP level 3. HP: 24/33 MP: 5/5
  1019 | D:2      | Reached skill level 4 in Axes
  1028 | D:2      | Reached * piety under Lugonu
  1490 | D:2      | Reached XP level 4. HP: 20/40 MP: 6/6
  1883 | D:2      | Reached skill level 5 in Axes
  2005 | D:2      | Reached XP level 5. HP: 46/47 MP: 7/7
  2722 | D:3      | Reached ** piety under Lugonu
  3441 | D:3      | Found a sparkling altar of Nemelex Xobeh.
  3441 | D:3      | Found an opulent altar of Gozag.
  3539 | D:4      | Noticed a slave
  3539 | D:4      | Noticed a slave
  3539 | D:4      | Noticed Pikel
  3539 | D:4      | Noticed a slave
  3564 | D:4      | Noticed a slave
  3572 | D:4      | Slain by an adder

Levels and vault maps discovered:
D:1:      matt_arrival_los_fun, layout_basic, lemuel_old_faithful
D:2:      layout_basic, st_stairs_12, minmay_nonomino_d4
D:3:      layout_basic, grunt_temple_overflow_opulence, first_ration
D:4:      layout_rooms, gup_sewer_entry_bubbles, uniq_pikel

Skill      XL: |  1  2  3  4  5 |
---------------+----------------+-----
Axes           | 3 4 5 |  5.6
Invocations    | 3 4 |  4.3
Fighting       | 4 |  4.8
Armour         | |  2.1
Dodging        | |  0.7

Action                   |  1- 3 |  4- 6 || total
-------------------------+-------+-------++-------
Melee: Hand axe          |    94 |   189 ||   283
Invok: Depart the Abyss  |     1 |       ||     1
       Bend Space        |       |     1 ||     1
  Use: Potion            |     1 |     2 ||     3
       Scroll            |       |     3 ||     3
  Eat: Chunk             |     2 |     7 ||     9
Armor: Leather armour    |    13 |    61 ||    74
Dodge: Dodged            |    56 |   117 ||   173

Table legend:
 A = Non-vault XP
 B = Vault XP
 C = Vault XP percentage of total XP
 D = Non-vault monster count
 E = Vault monster count
 F = Vault count percentage of total count
                 A         B        C        D         E       F
            +---------+---------+-------+---------+---------+-------
      Total |     254 |      16 |   5.9 |      67 |       7 |   9.5
            +---------+---------+-------+---------+---------+-------
        D:1 |      43 |       0 |   0.0 |      16 |       0 |   0.0
        D:2 |     123 |      16 |  11.5 |      29 |       7 |  19.4
        D:3 |      88 |       0 |   0.0 |      22 |       0 |   0.0
            +---------+---------+-------+---------+---------+-------
